 Dungeon Crawl Stone Soup version 0.18.1-48-g4cf74bf (webtiles) character file.

135 Alarkh the Poker (level 4, -1/33 HPs)
             Began as a Mummy Skald on July 21, 2016.
             Slain by an ogre
             ... wielding a +0 giant club
              (15 damage)
             ... on level 4 of the Dungeon.
             The game lasted 00:03:51 (2629 turns).

Alarkh the Poker (Mummy Skald)                      Turns: 2629, Time: 00:03:51

Health: -1/33      AC:  6    Str: 15    XL:     4   Next: 97%
Magic:  7/7        EV: 11    Int: 15    God:
Gold:   105        SH:  0    Dex: 11    Spells: 1 memorised, 6 levels left

rFire  x . .     SeeInvis .     k - +0 trident
rCold  + . .     Gourm    .     b - +0 leather armour
rNeg   + + +     Faith    .     (no shield)
rPois  ∞         Spirit   .     n - +2 helmet {Int+3}
rElec  .         Dismiss  .     (no cloak)
rCorr  .         Reflect  .     (no gloves)
SustAt .         Harm     .     (no boots)
MR     .....                    (no amulet)
Stlth  +.........               (no ring)
                                (no ring)

@: not resistant to hostile enchantments, very unstealthy
A: no food or potions, fire vulnerability, cold resistance 1, negative energy
resistance 3, torment resistance, unbreathing
a: no special abilities


You were on level 4 of the Dungeon.
You were not hungry.

You visited 1 branch of the dungeon, and saw 4 of its levels.

You collected 105 gold pieces.

Inventory:

Hand Weapons
 a - a +0 spear
 k - a +0 trident (weapon)
Armour
 b - a +0 leather armour (worn)
 e - a +0 helmet
 n - a +2 helmet of intelligence (worn)
Scrolls
 d - a scroll of noise
 f - a scroll of immolation
 g - a scroll of random uselessness
 h - 4 scrolls of teleportation
 i - 2 scrolls of enchant weapon
 l - a scroll of recharging {unknown}
 m - a scroll of remove curse
Books
 c - a book of Battle

   Spells                             Type                      Level
   a - Infusion                       Charms                       1
   b - Shroud of Golubria             Charms/Translocation         2
   c - Song of Slaying                Charms                       2
   d - Spectral Weapon                Hexes/Charms                 3
   e - Regeneration                   Charms/Necromancy            3


   Skills:
 - Level 2.0 Fighting
 + Level 4.3 Polearms
 - Level 0.7 Armour
 - Level 0.7 Dodging
 - Level 2.0 Spellcasting
 - Level 2.4 Charms


You had 6 spell levels left.
You knew the following spells:

 Your Spells              Type           Power        Failure   Level  Hunger
a - Infusion              Chrm           #...         12%         1    N/A

Dungeon Overview and Level Annotations

Branches:
Dungeon (4/15)
 Temple: D:4-7

Altars:
Ashenzari
Cheibriados
Elyvilon
Qazlal
Sif Muna
The Shining One

Annotations:
D:4 Aquadorian's ghost, amateur OgBe


Innate Abilities, Weirdness & Mutations

You do not eat or drink.
Your flesh is vulnerable to fire.
You are immune to poison.
Your flesh is cold resistant.
You are immune to negative energy.
You are immune to unholy pain and torment.
You can survive without breathing.


Message History

Found a stone staircase leading up.
Casting: Infusion
Confirm with . or Enter, or press ? or * to list all spells.
You don't know that spell.
There is an open door here.
You hear the rusting of a drain nearby.
You see here a hunting sling.
Found a leather armour.
A sky beast comes into view.
You barely miss the sky beast. The sky beast barely misses you.
The sky beast hits you. The sky beast shocks you.
Aquadorian's ghost (amateur Ogre Berserker) comes into view.
The sky beast hits you. The sky beast shocks you.
Found a scroll of identify.
The sky beast completely misses you.
Found 15 stones.
You enter the shallow water.
Moving in this stuff is going to be slow.
The ogre hits you with a giant club!
You die...

###....#......#
.##.........##.##.≈#
...............?#≈≈#
................#≈≈#
................#≈≈#
#W.......#..##.##.≈#
#..##.#..#+###.# .≈#
#..##.........Y##.≈#
#..............O@≈≈#
...##.#...%......≈##
####### #.
#.#............# ..#...
#..##.#.......######
###.#.# #...[....####†#
#.....# #..##.#.## #.#
#.....# #.#.#
#.########.....# #
#.#####...)....'...†.#
.#.......########.....#


You could see a sky beast and an ogre.

Vanquished Creatures
  A centaur skeleton (D:4)
  An ooze (D:2)
  3 worms
  2 dart slugs (D:1)
  2 giant geckos (D:1)
  2 orcs
  10 giant cockroaches
  6 goblins
  12 hobgoblins
  8 jackals
  4 kobolds
  2 quokkas
  A ball python (D:3)
  7 bats
  3 giant newts
  13 rats
77 creatures vanquished.

Notes
Turn   | Place    | Note
--------------------------------------------------------------
     0 | D:1      | Alarkh the Mummy Skald began the quest for the Orb.
     0 | D:1      | Reached XP level 1. HP: 16/16 MP: 3/3
    48 | D:1      | Reached skill level 2 in Polearms
    70 | D:1      | Reached XP level 2. HP: 18/22 MP: 1/5
   474 | D:1      | Reached XP level 3. HP: 19/27 MP: 1/6
   512 | D:1      | Reached skill level 3 in Polearms
  1025 | D:2      | Found a shattered altar of Ashenzari.
  1228 | D:2      | Found a stormy altar of Qazlal.
  1236 | D:2      | Found a snail-covered altar of Cheibriados.
  1332 | D:2      | Reached XP level 4. HP: 26/33 MP: 0/7
  1539 | D:2      | Found a deep blue altar of Sif Muna.
  1813 | D:3      | Found a glowing golden altar of the Shining One.
  2366 | D:3      | Found a white marble altar of Elyvilon.
  2440 | D:4      | Reached skill level 4 in Polearms
  2581 | D:4      | Noticed an ogre
  2616 | D:4      | Noticed a sky beast
  2619 | D:4      | Noticed Aquadorian's ghost (amateur OgBe)
  2629 | D:4      | Slain by an ogre

Skill      XL: |  1  2  3  4 |
---------------+-------------+-----
Polearms       | 2 3 4 |  4.3
Fighting       | |  2.0
Armour         | |  0.7
Dodging        | |  0.7
Spellcasting   | |  2.0
Charms         | |  2.4

Action                   |  1- 3 |  4- 6 || total
-------------------------+-------+-------++-------
Melee: Spear             |   183 |    32 ||   215
       Trident           |       |    84 ||    84
 Cast: Infusion          |    19 |    16 ||    35
  Use: Scroll            |       |     6 ||     6
Armor: Leather armour    |    38 |    38 ||    76
Dodge: Dodged            |    75 |    76 ||   151
